 Dungeon Crawl Stone Soup version 0.30-a0-718-geaa24f58ff (webtiles) character file.

Game seed: 3429549027172877481

30 Alitron123 the Magician (level 2, -1/22 HPs)
             Began as a Demigod Hedge Wizard on Jan 25, 2023.
             Slain by a worm (11 damage)
             ... on level 2 of the Dungeon.
             The game lasted 00:02:43 (1548 turns).

Alitron123 the Magician (Demigod Hedge Wizard)      Turns: 1548, Time: 00:02:44

Health: -1/22      AC:  2    Str: 11    XL:     2   Next: 84%
Magic:  4/8        EV: 12    Int: 16    God:
Gold:   60         SH:  0    Dex: 13    Spells: 6/7 levels left

rFire   . . .      SeeInvis .    i - +0 arbalest
rCold   . . .      Faith    .    (shield currently unavailable)
rNeg    . . .      Spirit   .    b - +0 robe
rPois   .          Reflect  .    c - +0 hat
rElec   .          Harm     .    (no cloak)
rCorr   .          Rampage  .    (no gloves)
Will    .....                    (no boots)
Stlth   ++                       (no amulet)
HPRegen 0.23/turn                (no ring)
MPRegen 0.11/turn                (no ring)

@: very slightly contaminated
A: high MP 1, forlorn, divine attributes
a: no special abilities


You were on level 2 of the Dungeon.
You visited 1 branch of the dungeon, and saw 2 of its levels.

You collected 60 gold pieces.

Inventory:

Hand Weapons
 a - a +0 dagger
 i - a +0 arbalest (weapon)
Armour
 b - a +0 robe (worn)
 c - a +0 hat (worn)
Magical Staves
 k - a staff of conjuration
Jewellery
 h - a ring of ice
Scrolls
 f - 2 scrolls of teleportation
 g - a scroll of enchant weapon {unknown}
Potions
 d - a potion of magic
 e - a potion of curing {unknown}


   Skills:
 + Level 0.4 Fighting
 + Level 0.2 Ranged Weapons
 + Level 2.2 Dodging
 + Level 1.7 Stealth
 + Level 3.0 Spellcasting
 + Level 1.1 Conjurations
 + Level 1.1 Summonings
 + Level 0.8 Translocations


You had 6 spell levels left.
You knew the following spells:

 Your Spells              Type           Power      Damage    Failure   Level
a - Magic Dart            Conj           24%        1d4       12%         1

Your spell library contained the following spells:

 Spells                   Type           Power      Damage    Failure   Level
 Slow                     Hex            8%         N/A       19%         1
 Call Imp                 Summ           5%         N/A       19%         2
 Blink                    Tloc           10%        N/A       21%         2
 Cigotuvi's Dreadful Rot  Necr/Pois/Air  4%         N/A       28%         2
 Mephitic Cloud           Conj/Pois/Air  3%         N/A       43%         3


Dungeon Overview and Level Annotations

Branches:
Dungeon (2/15)

Shops:
D:1 ((*(*


Innate Abilities, Weirdness & Mutations

You have an increased reservoir of magic. (+10% MP)
You shall have no god before yourself.
Your divine heritage dramatically boosts your attributes as you level up.


Message History

Aim: a quokka (moderately wounded, 100% to hit)
The magic dart hits the quokka.
The quokka is almost dead.
The quokka barely misses you.
You shoot a bolt. The bolt misses the quokka.
The quokka closely misses you. The quokka barely misses you.
You shoot a bolt. The bolt hits the quokka!
You kill the quokka!
An endoplasm comes into view.
You shoot a bolt. The bolt hits the worm.
The worm is moderately wounded.
The worm bites you! The endoplasm closely misses you.
You shoot a bolt. The bolt barely misses the worm.
The endoplasm barely misses you. The worm bites you. The endoplasm freezes you.
You are frozen.
Casting: Magic Dart (safe; 12% risk of failure)
Confirm with . or Enter, or press ? or * to list all spells.
Aiming: Magic Dart (safe; 12% risk of failure)
Press: ? - help, Shift-Dir - straight line, f/p - worm
Aim: a worm (lightly wounded, 100% to hit)
The magic dart hits the worm.
The worm is lightly wounded.
The worm barely misses you. The endoplasm closely misses you.
Casting: Magic Dart (safe; 12% risk of failure)
Confirm with . or Enter, or press ? or * to list all spells.
Aiming: Magic Dart (safe; 12% risk of failure)
Press: ? - help, Shift-Dir - straight line, f/p - worm
Aim: a worm (lightly wounded, 100% to hit)
You miscast Magic Dart.
You are very lightly contaminated with residual magic.
Nothing appears to happen.
The endoplasm misses you.
Casting: Magic Dart (safe; 12% risk of failure)
Confirm with . or Enter, or press ? or * to list all spells.
Aiming: Magic Dart (safe; 12% risk of failure)
Press: ? - help, Shift-Dir - straight line, f/p - worm
Aim: a worm (lightly wounded, 100% to hit)
You miscast Magic Dart.
Nothing appears to happen.
The worm bites you!
Ouch! That really hurt!
You die...

#.### #.... #...
###### #...
###....### #...
##........##.##...
#..######..#..#...
##.## ##.##.#...
#.@# #..#.#...
#Jw# #..#.#...
#... #..#.#.##
#.... #..#.#.#
##..#. ##.##...#
#..######..#..#.#
##........##....#
##.........####
.###......##


You could see a worm and an endoplasm.

Vanquished Creatures
  2 dart slugs
  3 endoplasms
  2 giant cockroaches
  3 jackals (D:2)
  A quokka (D:2)
  3 ball pythons (D:1)
  5 bats
  2 frilled lizards (D:1)
  A goblin (D:1)
  2 kobolds (D:1)
24 creatures vanquished.

Vanquished Creatures (others)
  A plant (D:2)
1 creature vanquished.

Grand Total: 25 creatures vanquished

Notes
Turn   | Place    | Note
-------+----------+-------------------------------------------
     0 | D:1      | Alitron123 the Demigod Hedge Wizard began the quest for the
                  | Orb.
     0 | D:1      | Reached XP level 1. HP: 14/14 MP: 6/6
     6 | D:1      | Noticed a four-headed hydra
     6 | D:1      | Noticed a salamander
     7 | D:1      | Noticed a polar bear
    50 | D:1      | Reached skill level 1 in Summonings
   128 | D:1      | Found Owkiloz's Antique Weapon Emporium.
   469 | D:1      | Found Don Siy's Assorted Antiques.
   668 | D:1      | Reached skill level 3 in Spellcasting
   668 | D:1      | Reached XP level 2. HP: 19/20 MP: 1/8
   802 | D:1      | Found Itsetesi's Antique Weapon Shoppe.
   965 | D:1      | Reached skill level 1 in Conjurations
   965 | D:1      | Found Qoisk's Weapon Emporium.
  1097 | D:1      | Found Itzy's General Store.
  1548 | D:2      | Slain by a worm

Illustrated notes

Levels and vault maps discovered:
D:1:      onia_arrival_zoo_common, layout_loops_corners, serial_shops,
          nicolae_shop_behind_doors, nicolae_shop_window_shopping,
          nicolae_shop_hallway_plus, shop, nicolae_shop_statue_plus
D:2:      layout_basic, serial_forest, infiniplex_forest_lined_room_3,
          infiniplex_forest_zigzag_1, infiniplex_forest_straight_2,
          infiniplex_forest_lined_ring, infiniplex_forest_clump_cross,
          minmay_randomly_rotated_circles

Skill      XL: |  1  2 |
---------------+-------+-----
Summonings     | 1 |  1.1
Dodging        | 2 |  2.2
Spellcasting   | 3 |  3.0
Conjurations   | 1 |  1.1
Fighting       | |  0.4
Ranged Weapons | |  0.2
Stealth        | |  1.7
Translocations | |  0.8

Action                     || total
---------------------------++-------
  Melee: Dagger            ||    13
   Fire: Arbalest          ||    24
   Cast: Magic Dart        ||    46
    Use: Scroll            ||     3
         Potion            ||     1
 Armour: Robe              ||     9
  Dodge: Dodged            ||    35

Table legend: (Time is in decaauts)
 A = Elapsed time spent in this place.
 B = Non-inter-level travel time spent in this place.
 C = Inter-level travel time spent in this place.
 D = Time resting spent in this place.
 E = Time spent auto-exploring this place.
 F = Levels seen in this place.
 G = Mean time per level.
                   A        B        C        D        E       F      G
               +--------+--------+--------+--------+--------+-----+--------+
         Total |   1568 |   1551 |     17 |      0 |   1369 |   2 |  784.0 |
       Dungeon |   1568 |   1551 |     17 |      0 |   1369 |   2 |  784.0 |
               +--------+--------+--------+--------+--------+-----+--------+

Top non-repeatable levels by time:
     D:1: 1283 daAuts
     D:2: 285 daAuts
